 Dungeon Crawl Stone Soup version 0.29.1-2-gbd0b4ee654 (webtiles) character file.

Game seed: 12388803591266831622

240 hawla the Grave Robber (level 5, 0/21 HPs)
             Began as a Felid Necromancer on Nov 22, 2022.
             Slain by a white imp (5 damage)
             ... on level 7 of the Dungeon.
             The game lasted 00:10:04 (2966 turns).

hawla the Grave Robber (Felid Necromancer)          Turns: 2966, Time: 00:10:05

Health: 0/21       AC:  2    Str:  4    XL:     5   Next: 80%
Magic:  12/12      EV: 18    Int: 18    God:
Gold:   156        SH:  0    Dex: 17    Spells: 9/13 levels left
                                        Lives:  0   Deaths: 1

rFire   + . .      SeeInvis +   (weapon unavailable)
rCold   . . .      Faith    .   (shield unavailable)
rNeg    . . .      Spirit   .   (body armour unavailable)
rPois   .          Reflect  .   (helmet unavailable)
rElec   .          Harm     .   (cloak unavailable)
rCorr   .          Rampage  .   (gloves unavailable)
Will    .....                   (boots unavailable)
Stlth   +++.......              b - amulet of the acrobat
HPRegen 0.07/turn               g - ring of protection from fire
MPRegen 0.13/turn               (no ring)

@: brilliant, quick
A: very small, claws 1, fangs 3, see invisible, speed 1, shaggy fur 2, stealthy
paws, no weapons or thrown items, no armour, multi-lived
a: no special abilities


You were on level 7 of the Dungeon.
You visited 1 branch of the dungeon, and saw 5 of its levels.

You collected 156 gold pieces.

Inventory:

Jewellery
 b - an amulet of the acrobat (around neck)
 g - a ring of protection from fire (left paw)
Scrolls
 d - a scroll of teleportation
 e - a scroll of identify
 h - a scroll of amnesia
 j - a scroll of poison {unknown}
Potions
 a - a potion of berserk rage
 c - 2 potions of mutation
 f - 2 potions of haste
 i - a potion of flight
 k - a potion of brilliance


   Skills:
 + Level 3.2 Dodging
 + Level 3.6 Stealth
 + Level 0.4 Unarmed Combat
 + Level 4.5 Spellcasting
 + Level 5.9 Necromancy


You had 9 spell levels left.
You knew the following spells:

 Your Spells              Type           Power      Damage    Failure   Level
a - Necrotise             Necr           100%       1d9       1%          1
b - Vampiric Draining     Necr           38%        2d8       3%          3

Your spell library contained the following spells:

 Spells                   Type           Power      Damage    Failure   Level
 Animate Dead             Necr           38%        N/A       12%         4
 Ensorcelled Hibernation  Hex/Ice        12%        N/A       22%         2
 Agony                    Necr           38%        N/A       34%         5
 Spider Form              Tmut/Pois      6%         N/A       38%         3
 Summon Guardian Golem    Hex/Summ       6%         N/A       38%         3
 Anguish                  Hex/Necr       11%        N/A       38%         4
 Orb of Destruction       Conj           3%         9d5       100%        7
 Spellforged Servitor     Conj/Summ      3%         N/A       100%        7


Dungeon Overview and Level Annotations

Branches:
Dungeon (4/15)
 Temple: D:4-7

Altars:
Dithmenos

Annotations:
D:1 dig the loot


Innate Abilities, Weirdness & Mutations

You have sharp claws.
You have razor-sharp teeth.
You have supernaturally acute eyesight. (SInv)
You cover ground quickly. (Speed+)
You are covered in thick fur. (AC +2)
Your paws help you pounce on unaware monsters.
You are incapable of wielding weapons or throwing items.
You cannot wear armour.
You gain extra lives every three experience levels.


Message History

The kobold shouts!
The kobold writhes in agony.
You kill the kobold!
The dead are walking!
You open the door.
There is an open door here.
A giant cockroach comes into view.
A sourceless malevolence fills the Dungeon...
You fall into a shaft and drop 3 floors!
The shaft crumbles and collapses.
You open the door.
A white imp comes into view.
Found 12 gold pieces and a wooden wand.
The white imp shouts!
There is an open door here.
Casting: Necrotise (safe; 1% risk of failure)
Confirm with . or Enter, or press ? or * to list all spells.
You can't see any susceptible monsters within range! (Use Z to cast anyway.) Unknown command.
Casting: Necrotise (safe; 1% risk of failure)
Confirm with . or Enter, or press ? or * to list all spells.
You can't see any susceptible monsters within range! (Use Z to cast anyway.)
The white imp gestures at you. The puff of frost misses you.
Casting: Necrotise (safe; 1% risk of failure)
Confirm with . or Enter, or press ? or * to list all spells.
You can't see any susceptible monsters within range! (Use Z to cast anyway.)
You scratch the white imp but do no damage.
The white imp hits you. The white imp freezes you.
You closely miss the white imp. The white imp gestures at you.
The puff of frost hits you!
Okay, then.
You aren't carrying any items that you can evoke.
It was a potion of brilliance.
You feel clever all of a sudden. The white imp hits you.
* * * LOW HITPOINT WARNING * * *
The white imp freezes you.
You die...

..# #.# #.#
#.# #.# #.#
♣♣♣♣ #.###
♣...♣♣
#...#♣..~/.♣#
#.#.'@5~~~..+
#.###♣.$~..♣#
#.# ♣...♣♣
#.### ♣♣♣♣
#...## #..#.#
##...# ##.##
#.########.#


You could see a white imp.

Vanquished Creatures
  Sigmund (D:2)
  Jessica (D:2)
  An iguana (D:4)
  4 adders
  A worm (D:3)
  3 orcs
  2 ball pythons
  6 bats
  7 endoplasms
  A giant cockroach (D:1)
  2 goblins
  3 hobgoblins
  5 quokkas
  3 frilled lizards
  4 kobolds
  2 rats
46 creatures vanquished.

Vanquished Creatures (collateral kills)
  An ogre (D:4)
  A kobold (D:1)
  A rat (D:2)
3 creatures vanquished.

Grand Total: 49 creatures vanquished

Notes
Turn   | Place    | Note
-------+----------+-------------------------------------------
     0 | D:1      | hawla the Felid Necromancer began the quest for the Orb.
     0 | D:1      | Reached XP level 1. HP: 7/7 MP: 4/4
   123 | D:1      | Reached XP level 2. HP: 11/11 MP: 3/6
   511 | D:1      | Found a faded altar of an unknown god.
   696 | D:2      | Noticed Jessica
   701 | D:2      | Killed Jessica
   702 | D:2      | Reached XP level 3. HP: 14/14 MP: 1/8
   706 | D:2      | Learned a level 3 spell: Vampiric Draining
  1024 | D:2      | Noticed Sigmund
  1045 | D:2      | Killed Sigmund
  1046 | D:2      | Reached skill level 5 in Necromancy
  1046 | D:2      | Reached XP level 4. HP: 8/18 MP: 4/11
  1046 | D:2      | Reached XP level 5. HP: 9/21 MP: 4/12
  1874 | D:3      | Found a shadowy altar of Dithmenos.
  2759 | D:4      | Gained mutation: You are covered in thick fur. (AC +2)
                  | [Felid growth]
  2759 | D:4      | Reached XP level 6. HP: 17/24 MP: 8/13
  2868 | D:4      | HP: 1/24 [ogre/+0 giant club (23)]
  2870 | D:4      | Demolished by an ogre
  2871 | D:4      | Reached XP level 5. HP: -20/21 MP: 2/12
  2884 | D:4      | Killed an ogre
  2939 | D:4      | You fall into a shaft and drop 3 floors!
  2966 | D:7      | Slain by a white imp

Illustrated notes

Levels and vault maps discovered:
D:1:      amcnicky_arrival_gap_in_the_tavern_cellar, layout_basic, serial_glass,
          glass_columns_a, glass_columns_a, minmay_strange_pillars,
          minmay_strange_pillars, ebering_ecumenical_altar_mist,
          kennysheep_doodads, due_unseen_surprise
D:2:      layout_loops_ring, uniq_sigmund, uniq_jessica
D:3:      minmay_door_path, layout_loops_corners,
          nicolae_dithmenos_through_a_glass_darkly
D:4:      layout_basic
D:7:      layout_loops_ring, mainiacjoe_overflow_24_doors,
          minmay_temple_entry_hall, kennysheep_generic_room_8, uniq_duvessa,
          uniq_joseph, uniq_menkaure

Skill      XL: |  1  2  3 |
---------------+----------+-----
Stealth        | 3 |  3.6
Dodging        | 3 |  3.2
Spellcasting   | 4 |  4.5
Necromancy     | 5 |  5.9
Unarmed Combat | |  0.4

Action                   |  1- 3 |  4- 6 || total
-------------------------+-------+-------++-------
Melee: Unarmed           |     8 |    15 ||    23
       Bite              |     1 |     1 ||     2
 Cast: Necrotise         |    48 |    40 ||    88
       Vampiric Draining |     1 |     4 ||     5
  Use: Potion            |     1 |     1 ||     2
       Scroll            |       |     9 ||     9
 Stab: Distracted        |       |     1 ||     1
       Sleeping          |       |     1 ||     1
Armor: Skin              |     1 |       ||     1
Dodge: Dodged            |    25 |    26 ||    51
